 Dungeon Crawl Stone Soup version 0.20.1-1-g8b1a95d (webtiles) character file.

99 Miyamura the Insei (level 4, -4/29 HPs)
             Began as an Octopode Transmuter on Dec 19, 2017.
             Killed by divine providence
             ... invoked by an orc priest
              (10 damage)
             ... on level 3 of the Dungeon.
             The game lasted 00:10:56 (3879 turns).

Miyamura the Insei (Octopode Transmuter)            Turns: 3879, Time: 00:10:56

Health: -4/29      AC:  1    Str:  9    XL:     4   Next: 72%
Magic:  6/7        EV: 14    Int: 16    God:
Gold:   116        SH:  0    Dex: 12    Spells: 2/8 levels left

rFire    . . .     SeeInvis .     - Unarmed
rCold    . . .     Gourm    .   (no shield)
rNeg     . . .     Faith    .   (helmet restricted)
rPois    .         Spirit   .   (no amulet)
rElec    .         Reflect  .   (no ring)
rCorr    .         Harm     .   (no ring)
MR       .....                  (no ring)
Stlth    +++.......             (no ring)
Regen    0.1/turn               (no ring)
MPRegen  0.1/turn               (no ring)
                                (no ring)
                                (no ring)

@: no status effects
A: almost no armour, stealthy swim, amphibious, 8 rings, constrict 8, camouflage
1, gelatinous body 1
a: no special abilities


You were on level 3 of the Dungeon.
You were hungry.

You visited 1 branch of the dungeon, and saw 3 of its levels.

You collected 116 gold pieces.

Inventory:

Missiles
 n - 72 stones (quivered)
Armour
 r - a +3 large shield
Jewellery
 f - an uncursed ring of poison resistance {unknown}
 i - an uncursed amulet of magic regeneration {unknown}
 m - an uncursed ring of poison resistance {unknown}
Scrolls
 d - a scroll of identify
 e - a scroll of amnesia {unknown}
 j - 2 scrolls of immolation
 k - 2 scrolls of teleportation
 l - 3 scrolls of remove curse
 p - a scroll of enchant armour
Books
 a - a book of Misfortune

   Spells                             Type                      Level
   a - Confusing Touch                Hexes                        1
   b - Confuse                        Hexes                        3
   c - Gell's Gravitas                Translocation                3
   d - Petrify                        Transmutation/Earth          4
   e - Metabolic Englaciation         Hexes/Ice                    5
   f - Yara's Violent Unravelling     Hexes/Transmutation          5
 b - a book of Changes

   Spells                             Type                      Level
   a - Beastly Appendage              Transmutation                1
   b - Sticks to Snakes               Transmutation                2
   c - Spider Form                    Transmutation/Poison         3
   d - Ice Form                       Ice/Transmutation            4
   e - Blade Hands                    Transmutation                5
Comestibles
 c - a bread ration
 h - 3 fruits
 q - 2 meat rations


   Skills:
 + Level 1.7 Fighting
 + Level 2.8 Dodging
 + Level 1.5 Stealth
 - Level 1.0 Shields
 + Level 3.4 Unarmed Combat
 + Level 2.6 Spellcasting
 + Level 2.4 Transmutations


You had 2 spell levels left.
You knew the following spells:

 Your Spells              Type           Power        Failure   Level  Hunger
a - Beastly Appendage     Tmut           #.....       8%          1    #......
s - Spider Form           Tmut/Pois      #.........   34%         3    ###....
t - Sticks to Snakes      Tmut           #.......     11%         2    ##.....


Dungeon Overview and Level Annotations

Branches:
Dungeon (3/15)

Altars:


Innate Abilities, Weirdness & Mutations

You cannot wear most types of armour.
You are very stealthy in the water. (Stealth+)
You are amphibious.
You can wear up to eight rings at the same time.
You can use your tentacles to constrict eight enemies at once.
Your skin changes colour to match your surroundings (Stealth+).
Your rubbery body absorbs attacks. (AC +1, EV +1)


Message History

An orc comes into view. It is wielding a short sword.
An orc priest comes into view.
The orc priest shouts!
An orc wizard comes into view. It is wielding a dagger.
The orc priest calls down the wrath of Beogh upon you.
Beogh smites you!
Ouch! That really hurt!
A kobold and an orc come into view.
You are too injured to fight recklessly!
You are too injured to fight recklessly!
Unknown command.
The kobold shouts!
The orc priest miscasts a cantrip.
Your transformation has ended.
The orc priest calls down the wrath of Beogh upon you.
Beogh smites you!
* * * LOW HITPOINT WARNING * * *
The orc priest invokes the aid of Beogh against you.
Beogh smites you!
You die...

########## #........#
###########.....g..#######
..^......@......o.........
..........................
########............).....
##.#........#######
#.#........# #.#........#
#.#........#
####.########## #.......#


You could see an orc priest and a goblin.

Vanquished Creatures
  A gnoll (D:2)
  An adder (D:3)
  An ooze (D:2)
  A worm (D:2)
  A dart slug (D:2)
  A leopard gecko (D:2)
  An orc (D:3)
  8 goblins
  11 hobgoblins
  3 quokkas
  A ball python (D:1)
  9 bats
  2 frilled lizards
  6 kobolds
  5 rats
52 creatures vanquished.

Vanquished Creatures (collateral kills)
  3 gnolls
3 creatures vanquished.

Grand Total: 55 creatures vanquished

Notes
Turn   | Place    | Note
-------+----------+-------------------------------------------
     0 | D:1      | Miyamura the Octopode Transmuter began the quest for the Orb.
     0 | D:1      | Reached XP level 1. HP: 13/13 MP: 3/3
   275 | D:1      | Reached XP level 2. HP: 18/18 MP: 3/5
   905 | D:1      | Reached XP level 3. HP: 20/23 MP: 6/6
   946 | D:1      | Learned a level 3 spell: Spider Form
   949 | D:1      | Learned a level 2 spell: Sticks to Snakes
  1808 | D:2      | Reached skill level 1 in Stealth
  2299 | D:1      | HP: 1/23 [gnoll/stone (8)]
  2894 | D:2      | Reached skill level 1 in Shields
  2894 | D:2      | Reached XP level 4. HP: 28/28 MP: 7/7
  3879 | D:3      | Killed from afar by an orc priest

Skill      XL: |  1  2  3 |
---------------+----------+-----
Stealth        | 1 |  1.5
Shields        | 1 |  1.0
Fighting       | |  1.7
Dodging        | |  2.8
Unarmed Combat | |  3.4
Spellcasting   | |  2.6
Transmutations | |  2.4

Action                   |  1- 3 |  4- 6 || total
-------------------------+-------+-------++-------
Melee: Unarmed           |   101 |    26 ||   127
       Constrict         |    27 |     5 ||    32
       Tentacles         |     8 |     3 ||    11
       Kick              |     4 |     1 ||     5
       Punch             |     2 |       ||     2
 Cast: Beastly Appendage |     6 |     2 ||     8
       Sticks to Snakes  |     8 |     3 ||    11
       Spider Form       |       |     2 ||     2
  Use: Potion            |     5 |     3 ||     8
       Scroll            |     5 |     1 ||     6
 Stab: Sleeping          |     5 |     2 ||     7
  Eat: Chunk             |     4 |       ||     4
       Bread ration      |     1 |       ||     1
       Fruit             |       |     1 ||     1
Armor: Skin              |    14 |    22 ||    36
Dodge: Dodged            |    64 |    22 ||    86
Block: Large shield      |    24 |       ||    24
